 Dungeon Crawl Stone Soup version 0.21.0-3-g78d12a8 (webtiles) character file.

41 DogShitOnMyToe the Cudgeler (level 3, -2/54 HPs)
             Began as a Troll Berserker on Jan 12, 2018.
             Was a Believer of Trog.
             Slain by Sigmund
             ... wielding a +1 scythe of flaming
              (6 damage)
             ... while paralysed
             ... on level 2 of the Dungeon.
             The game lasted 00:01:25 (561 turns).

DogShitOnMyToe the Cudgeler (Troll Berserker)        Turns: 561, Time: 00:01:26

Health: -2/54      AC:  5    Str: 30    XL:     3   Next: 32%
Magic:  2/2        EV:  1    Int:  3    God:    Trog [**....]
Gold:   15         SH:  0    Dex: 10    Spells: 2/2 levels left

rFire    . . .     SeeInvis .   a - +0 mace
rCold    . . .     Gourm    +   (no shield)
rNeg     . . .     Faith    .   b - +0 animal skin
rPois    .         Spirit   .   (helmet restricted)
rElec    .         Reflect  .   (no cloak)
rCorr    .         Harm     .   (gloves unavailable)
MR       .....                  (boots unavailable)
Stlth    ..........             (no amulet)
HPRegen  0.58/turn              (no ring)
MPRegen  0.08/turn              (no ring)

@: paralysed, berserking, fainting
A: large, unfitting armour, claws 3, fast metabolism 3, gourmand, regeneration
1, shaggy fur 1, tough skin 2
a: Berserk, Trog's Hand, Burn Spellbooks, Renounce Religion


You were on level 2 of the Dungeon.
You worshipped Trog.
Trog was pleased with you.
You were fainting.

You visited 1 branch of the dungeon, and saw 2 of its levels.

You collected 15 gold pieces.

Inventory:

Hand Weapons
 a - a +0 mace (weapon)
Armour
 b - a +0 animal skin (worn)
Jewellery
 d - an uncursed ring of wizardry {unknown}
Scrolls
 f - 2 scrolls of teleportation {unknown}
 h - 3 scrolls of identify {unknown}
 k - a scroll of fog {unknown}
Potions
 e - a potion of curing {unknown}
 g - a potion of agility {unknown}
 i - 2 potions of flight {unknown}
 j - a potion of heal wounds {unknown}
Comestibles
 c - 5 rations


   Skills:
 - Level 2.4 Fighting
 + Level 4.0 Maces & Flails
 - Level 2.4 Dodging


You had 2 spell levels left.
You didn't know any spells.

Dungeon Overview and Level Annotations

Branches:
Dungeon (2/15)

Altars:

Annotations:
D:2 Sigmund


Innate Abilities, Weirdness & Mutations

You are too large for most types of armour.
You have claws for hands.
Your metabolism is lightning-fast.
You like to eat raw meat.
Your natural rate of healing is unusually fast.
You are covered in fur. (AC +1)
You have very tough skin. (AC +2)


Message History

Found 18 arrows.
Sigmund the Dreaded comes into view.
He is wielding a scythe of flaming.
Sigmund shouts!
Sigmund is nearby!
Sigmund hits you from afar with a scythe of flaming!
* * * LOW HITPOINT WARNING * * *
Sigmund burns you.
* * * LOW HITPOINT WARNING * * *
Sigmund whispers, "You'll know eternity soon."
Sigmund hits you with a scythe of flaming!
* * * LOW HITPOINT WARNING * * *
Sigmund burns you.
* * * LOW HITPOINT WARNING * * *
A red film seems to cover your vision as you go berserk!
You feel yourself moving faster!
You feel mighty!
You are fainting from starvation!
You lose consciousness!
Sigmund hits you with a scythe of flaming!
* * * LOW HITPOINT WARNING * * *
Sigmund burns you.
You die...

....## ......
....## . ....
...# #### #####
.... ....
####..####.###
.
......@@...#..
.
.###...###.#.#
##......
#...#...#.#
........
#...###.#.#
#....... #...
#.#.####....>..
#...
#.....##.......
#...
###.#.##.......
#...
...#.##.......
#####..........


You could see Sigmund.

Vanquished Creatures
  A dart slug (D:2)
  2 leopard geckos (D:1)
  3 giant cockroaches (D:1)
  7 goblins
  4 hobgoblins (D:1)
  9 kobolds
  2 bats (D:1)
  A frilled lizard (D:1)
  3 rats
32 creatures vanquished.

Notes
Turn   | Place    | Note
-------+----------+-------------------------------------------
     0 | D:1      | DogShitOnMyToe the Troll Berserker began the quest for the Orb.
     0 | D:1      | Reached XP level 1. HP: 22/22 MP: 0/0
    16 | D:1      | Reached skill level 3 in Maces & Flails
    80 | D:1      | Reached XP level 2. HP: 29/29 MP: 1/1
   331 | D:1      | Reached XP level 3. HP: 36/36 MP: 2/2
   421 | D:2      | Reached ** piety under Trog
   475 | D:2      | Reached skill level 4 in Maces & Flails
   556 | D:2      | Noticed Sigmund
   559 | D:2      | HP: 11/36 [Sigmund/scythe of flaming (9)]
   560 | D:2      | Paralysed by fainting for 9 turns
   561 | D:2      | HP: 4/54 [Sigmund/scythe of flaming (12)]
   561 | D:2      | Slain by Sigmund

Skill      XL: |  1  2  3 |
---------------+----------+-----
Maces & Flails | 3 4 |  4.0
Fighting       | |  2.4
Dodging        | |  2.4

Action                   || total
-------------------------++-------
Melee: Mace              ||    84
Invok: Berserk           ||     1
  Eat: Chunk             ||     1
Armor: Animal skin       ||    28
Dodge: Dodged            ||    57
